Map: Blueshift LE

Players

GosuMegumi

  • Race: Zerg Zerg
  • League: Diamond
  • Spawn Location: 7:00

Yee - Winner!

  • Race: Protoss Protoss
  • League: Diamond
  • Spawn Location: 1:00

VOD

Have the link to the VOD?

Description

test build order

Time

  • Played on: Dec. 30, 2018, 9:05 p.m.
  • Length: 11:56
Show
View Real Time Build Order
Export as new Build Order

GosuMegumi Zerg 

Build Orders: Hatch First, Roach Hydra 

Get SALT Encoding   

  12  0:01  Drone  
  13  0:12  Overlord  
  13  0:18  Drone  
  14  0:31  Drone x2  
  14  0:34  Drone  
  17  0:53  Hatchery  
  16  0:59  Drone  
  17  1:10  Spawning Pool  
  16  1:12  Drone  
  18  1:18  Drone x2  
  19  1:29  Drone  
  20  1:33  Extractor  
  19  1:43  Overlord  
  19  1:50  Drone  
  20  1:57  Queen  
  22  2:02  Zergling x2  
  22  2:04  Queen  
  22  2:06  Drone  
  26  2:19  Drone x2  
  28  2:27  Drone x2  
  30  2:37  Drone x2  
  30  2:40  Queen  
  30  2:43  Drone  
  35  2:47  Overlord  
  35  2:55  Spore Crawler  
  33  3:05  Drone x2  
  35  3:06  Lair  
  35  3:10  Extractor  
  35  3:11  Drone x5  
  35  3:12  Extractor  
  38  3:13  Drone x3  
  41  3:23  Drone x2  
  43  3:32  Evolution Chamber  
  42  3:35  Roach Warren  
  42  3:39  Evolution Chamber  
  42  3:40  Drone  
  42  3:41  Drone x2  
  43  3:46  Drone  
  43  3:47  Overlord  
  43  3:48  Overlord  
  38  4:11  Zerg Missile Weapons Level 1  
  38  4:12  Zerg Ground Armor Level 1  
  38  4:23  Roach  
  36  4:39  Roach  
  38  4:47  Drone x6  
  38  4:48  Drone  
  38  4:49  Drone  
  38  4:50  Drone  
  47  5:09  Drone x2  
  47  5:10  Drone  
  50  5:28  Hatchery, Extractor  
  50  5:31  Roach x2, Extractor  
  50  5:34  Overlord x2  
  50  5:35  Overlord x3  
  51  5:59  Hydralisk Den  
  51  6:02  Queen  
  52  6:04  Queen  
  52  6:06  Glial Reconstitution  
  52  6:09  Roach  
  52  6:10  Roach x6  
  52  6:11  Roach x2  
  68  6:28  Drone  
  68  6:29  Drone x4  
  73  6:38  Queen  
  75  6:48  Hydralisk  
  75  6:49  Hydralisk x2  
  75  6:51  Overlord x5  
  81  6:54  Grooved Spines  
  81  7:12  Hydralisk x2  
  85  7:18  Hydralisk  
  85  7:24  Drone x3  
  85  7:25  Extractor  
  87  7:35  Drone x3  
  87  7:36  Drone x2  
  87  7:37  Drone  
  79  7:38  Drone x5  
  78  7:46  Hydralisk x2  
  76  7:58  Drone x2  
  76  7:59  Drone  
  76  8:04  Hydralisk x3  
  85  8:05  Muscular Augments  
  85  8:11  Roach, Hydralisk x2  
  89  8:35  Queen  
  89  8:40  Extractor  
  90  8:42  Hatchery  
  90  8:43  Hydralisk  
  90  8:44  Extractor, Hydralisk x6  
  90  8:47  Zergling x20  
  110  9:01  Queen  
  110  9:02  Drone x2  
  111  9:03  Drone  
  111  9:08  Drone x2  
  114  9:10  Overlord x4  
  114  9:17  Spore Crawler  
  114  9:18  Drone  
  114  9:21  Zerg Missile Weapons Level 2  
  114  9:25  Zerg Ground Armor Level 2  
  114  9:30  Metabolic Boost  
  113  9:36  Drone x3  
  111  9:40  Drone x2  
  111  9:41  Drone x3  
  111  9:42  Drone  
  111  9:44  Drone  
  111  9:45  Drone  
  115  9:46  Drone  
  114  9:58  Drone x5  
  114  9:59  Drone x3  
  122  10:05  Infestation Pit  
  103  10:26  Roach, Hydralisk x5  
  103  10:27  Roach x4  
  117  10:50  Drone  
  117  10:52  Queen  
  120  11:05  Hatchery  
  120  11:06  Roach, Extractor, Hydralisk x4  
  120  11:07  Roach x2  
  120  11:08  Hatchery  
  121  11:12  Extractor  
  121  11:14  Hydralisk  
  121  11:15  Roach x2  
  115  11:23  Hydralisk  
  115  11:24  Roach x2, Hydralisk  
  115  11:25  Roach  
  124  11:31  Hydralisk  
  70  11:33  Roach  
Show
View Real Time Build Order
Export as new Build Order

Yee Protoss - Winner!

Build Orders: 1 Gate Expand, Phoenix Opening, Archon Immortal, Mass Phoenix 

Get SALT Encoding   

  12  0:01  Probe  
  13  0:13  Probe  
  14  0:20  Pylon  
  14  0:25  Probe  
  15  0:36  Probe  
  15  0:41  Gateway  
  16  0:44  Probe  
  16  0:49  Assimilator  
  17  0:53  Probe  
  18  1:05  Probe  
  19  1:17  Probe  
  20  1:29  Nexus  
  20  1:30  Probe  
  21  1:39  Pylon  
  21  1:43  Probe  
  22  1:50  Cybernetics Core  
  22  1:55  Probe  
  22  1:58  Assimilator  
  23  2:07  Probe  
  24  2:19  Probe  
  24  2:21  Adept  
  25  2:30  Warp Gate  
  25  2:31  Probe  
  28  2:37  Probe  
  28  2:39  Stargate  
  28  2:40  Probe  
  30  2:45  Probe  
  30  2:47  Adept  
  30  2:48  Probe  
  33  2:55  Probe  
  35  2:58  Probe  
  35  3:03  Probe  
  35  3:04  Assimilator  
  36  3:10  Probe  
  38  3:12  Pylon  
  38  3:14  Adept  
  40  3:22  Gateway  
  40  3:23  Pylon  
  40  3:25  Probe  
  40  3:26  Probe  
  42  3:32  Phoenix  
  44  3:38  Probe  
  45  3:41  Probe  
  46  3:50  Probe  
  46  3:51  Stargate  
  46  3:54  Pylon  
  47  3:56  Probe  
  47  4:01  Phoenix  
  47  4:02  Probe  
  51  4:08  Probe  
  52  4:21  Probe x2  
  54  4:29  Phoenix  
  54  4:33  Probe x2  
  54  4:36  Nexus, Phoenix  
  54  4:37  Pylon  
  56  4:39  Pylon  
  56  4:45  Probe x2, Assimilator  
  58  4:49  Zealot x2  
  58  4:51  Phoenix  
  62  4:57  Probe, Pylon  
  65  5:03  Phoenix  
  65  5:07  Gateway x2  
  65  5:08  Phoenix  
  69  5:37  Zealot x2  
  73  5:43  Twilight Council  
  73  5:47  Gateway, Probe x2, Pylon  
  73  5:49  Pylon  
  75  5:51  Gateway, Phoenix  
  77  5:59  Phoenix  
  79  6:05  Probe x2  
  79  6:07  Zealot x2  
  85  6:12  Probe  
  85  6:16  Charge  
  85  6:17  Probe  
  87  6:22  Probe  
  87  6:23  Zealot  
  87  6:24  Zealot  
  87  6:25  Probe  
  93  6:28  Templar Archives  
  93  6:38  Probe x2  
  93  6:39  Forge  
  95  6:41  Probe  
  95  6:42  Forge  
  96  6:49  Zealot x3  
  96  6:50  Probe x2  
  96  6:53  Zealot  
  106  7:05  Robotics Facility  
  106  7:08  Assimilator  
  106  7:09  Robotics Facility  
  106  7:10  Assimilator  
  106  7:17  Probe  
  106  7:18  Probe x2  
  106  7:19  Zealot x3  
  106  7:20  Zealot  
  115  7:23  Zealot x2  
  115  7:27  Protoss Ground Weapons Level 1  
  101  7:43  Probe x3  
  104  7:44  Zealot x5  
  104  7:45  Zealot  
  116  7:55  Probe x2, Pylon  
  116  7:56  Immortal  
  118  7:59  Pylon  
  118  8:00  Pylon  
  118  8:05  Observer  
  119  8:13  Probe x2  
  119  8:14  Probe  
  119  8:19  Immortal  
  122  8:24  Zealot x2  
  126  8:29  Immortal, Nexus  
  126  8:32  Pylon  
  126  8:33  Assimilator x2  
  130  8:34  Pylon, Psionic Storm  
  130  8:38  Protoss Shields Level 1  
  130  8:40  High Templar x2  
  130  8:41  High Templar x2  
  142  9:02  Probe x2  
  142  9:03  Immortal, Probe  
  142  9:07  Archon x2  
  142  9:09  High Templar x2  
  151  9:14  Probe x2  
  153  9:23  Gateway  
  153  9:24  Gateway, Zealot x4  
  153  9:27  Gateway  
  161  9:36  Immortal  
  165  9:42  Immortal  
  169  9:59  High Templar x3  
  175  10:00  Zealot x2  
  175  10:06  Pylon  
  179  10:07  Pylon  
  179  10:09  Pylon  
  179  10:14  Probe  
  179  10:21  Probe x2  
  180  10:25  Immortal x2  
  184  10:30  Zealot  
  184  10:31  Zealot x6  
  184  10:32  Zealot  
  198  10:48  High Templar  
  198  10:56  Zealot x3  
  200  11:11  Probe x2  
  200  11:19  Stargate  
  200  11:20  Fleet Beacon  
  200  11:21  Pylon  
  200  11:22  Pylon  
  184  11:30  Probe x3  
  184  11:31  Zealot x4  
  184  11:32  Zealot x4  
Tags
 
Add a new tag
Caveats
  • Supply blocks, unpowered buildings, or Contaminate may cause inaccurate times.
  • Supply counts are checked every 10 seconds.